 Dungeon Crawl Stone Soup version 0.25.1-8-g42b30a86e7 (webtiles) character file.

Game seed: 2418176190119455857

68 Abzac the Ducker (level 4, 0/44 HPs)
             Began as a Troll Fighter on Dec 13, 2020.
             Succumbed to Sigmund's poison
             ... on level 3 of the Dungeon.
             The game lasted 00:09:16 (1727 turns).

Abzac the Ducker (Troll Fighter)                    Turns: 1727, Time: 00:09:17

Health: 0/44       AC:  7    Str: 25    XL:     4   Next: 1%
Magic:  3/3        EV: 10    Int:  4    God:
Gold:   181        SH:  0    Dex:  9    Spells: 3/3 levels left

rFire    . . .     SeeInvis .     - Unarmed
rCold    . . .     Gourm    +   (no shield)
rNeg     . . .     Faith    .   a - +1 robe
rPois    .         Spirit   .   (helmet restricted)
rElec    .         Reflect  .   (no cloak)
rCorr    .         Harm     .   (gloves unavailable)
MR       .....                  (boots unavailable)
Stlth    +.........             (no amulet)
HPRegen  0.54/turn              (no ring)
MPRegen  0.08/turn              (no ring)

@: mighty, lethally poisoned (0 -> -13)
A: large, unfitting armour, claws 3, fast metabolism 3, gourmand, regeneration
1, shaggy fur 1, tough skin 3
a: no special abilities


You were on level 3 of the Dungeon.
You were completely stuffed.

You visited 1 branch of the dungeon, and saw 3 of its levels.

You collected 181 gold pieces.

Inventory:

Armour
 a - a +1 robe (worn)
 b - a +0 kite shield
 j - a +0 robe
 r - a +2 pair of gloves
Jewellery
 e - an uncursed ring of protection from fire {unknown}
 q - a cursed ring of attention {unknown}
Scrolls
 k - a scroll of fear
Potions
 c - 2 potions of might
Comestibles
 d - 9 rations
 m - 2 chunks of flesh


   Skills:
 - Level 2.5 Fighting
 + Level 3.2 Dodging
 + Level 0.1 Stealth
 - Level 2.5 Shields
 + Level 3.2 Unarmed Combat


You had 3 spell levels left.
You didn't know any spells.
Your spell library contained the following spells:

 Spells                   Type           Power        Failure   Level  Hunger
 Passwall                 Tmut/Erth      #.......     65%         2    ###....
 Swiftness                Chrm/Air       #.......     65%         2    ###....
 Passage of Golubria      Tloc           N/A          99%         4    #####..
 Lee's Rapid Deconstruct  Erth           #.........   100%        5    ######.
 Darkness                 Hex            #.........   100%        6    #######
 Invisibility             Hex            #.......     100%        6    #######


Dungeon Overview and Level Annotations

Branches:
Dungeon (3/15)

Altars:
Ashenzari
Dithmenos
Elyvilon
Hepliaklqana
Nemelex Xobeh
Xom

Annotations:
D:3 Grinder, Sigmund


Innate Abilities, Weirdness & Mutations

You are too large for most types of armour.
You have claws for hands.
Your metabolism is lightning-fast.
You like to eat raw meat.
Your natural rate of healing is unusually fast.
You are covered in fur. (AC +1)
You have extremely tough skin. (AC +3)


Message History

You now have 181 gold pieces (gained 14).
Sigmund hits you from afar with a +4 scythe of venom!
You are poisoned.
You feel sick.
Sigmund hits you from afar with a +4 scythe of venom.
You are more poisoned.
You feel sick.
Sigmund hits you from afar with a +4 scythe of venom!
You are lethally poisoned!
* * * LOW HITPOINT WARNING * * *
You feel very sick.
* * * LOW HITPOINT WARNING * * *
You feel sick. Sigmund casts a spell at you. The magic dart hits you!
* * * LOW HITPOINT WARNING * * *
* * * LOW HITPOINT WARNING * * *
You feel sick.
You feel very mighty all of a sudden.
You die...

#.#### ?..# #. ....## ##..
..... ... #...## #.# ..##
#....#+#..# #... #........#
######
#.......###############.....
#.......@..@................
#.......###############.....
#.......# ###### #########


You could see Sigmund (fast).

Vanquished Creatures
  2 adders
  2 oozes (D:2)
  3 leopard geckos
  An orc (D:2)
  4 bats
  2 giant cockroaches
  3 goblins
  6 hobgoblins
  4 kobolds
  2 ball pythons (D:2)
  6 frilled lizards
  3 rats
38 creatures vanquished.

Notes
Turn   | Place    | Note
-------+----------+-------------------------------------------
     0 | D:1      | Abzac the Troll Fighter began the quest for the Orb.
     0 | D:1      | Reached XP level 1. HP: 22/22 MP: 0/0
   428 | D:1      | Reached XP level 2. HP: 29/29 MP: 1/1
   882 | D:2      | Found a sparkling altar of Nemelex Xobeh.
   882 | D:2      | Found a hazy altar of Hepliaklqana.
   883 | D:2      | Found a shimmering altar of Xom.
   883 | D:2      | Found a shattered altar of Ashenzari.
   883 | D:2      | Found a white marble altar of Elyvilon.
   890 | D:2      | Reached XP level 3. HP: 34/36 MP: 2/2
  1574 | D:3      | Noticed Grinder
  1584 | D:3      | Paralysed by Grinder for 2 turns
  1596 | D:3      | Found a shadowy altar of Dithmenos.
  1623 | D:2      | Reached XP level 4. HP: 20/44 MP: 3/3
  1717 | D:3      | Noticed Sigmund
  1727 | D:3      | Succumbed to Sigmund's poison

Illustrated notes

Levels and vault maps discovered:
D:1:      wander_arrival_chamber, layout_basic
D:2:      layout_loops_ring, grunt_temple_overflow_open, first_ration,
          minmay_cut_off
D:3:      cheibrodos_greedy_goblins, layout_rooms,
          nicolae_dithmenos_shadow_blocks, uniq_terence, uniq_grinder,
          uniq_crazy_yiuf_cottage, uniq_sigmund

Skill      XL: |  1  2  3 |
---------------+----------+-----
Dodging        | 3 |  3.2
Unarmed Combat | 3 |  3.2
Fighting       | |  2.5
Stealth        | |  0.1
Shields        | |  2.5

Action                   |  1- 3 |  4- 6 || total
-------------------------+-------+-------++-------
Melee: Unarmed           |   109 |       ||   109
       Punch             |     1 |       ||     1
  Use: Scroll            |     5 |       ||     5
       Potion            |     4 |     1 ||     5
  Eat: Chunk             |    20 |     1 ||    21
Armor: Robe              |    40 |       ||    40
Dodge: Dodged            |    48 |       ||    48
